 Dungeon Sprint DCSS version 0.17.2-1-ge4368a0 (webtiles) character file.

0 mopl the Sneak (level 1, 0/10 HPs)
             Began as a Spriggan Assassin on Aug 23, 2016.
             Was an Initiate of Trog.
             Slain by a quokka (3 damage)
             ... in the Dungeon (Sprint VI: "Thunderdome").
             The game lasted 00:01:32 (95 turns).

mopl the Sneak (Spriggan Assassin)                    Turns: 95, Time: 00:01:32

Health: 0/10       AC:  4    Str:  7    XL:     1   Next: 8%
Magic:  2/2        EV: 17    Int: 12    God:    Trog [......]
Gold:   1          SH:  0    Dex: 17    Spells: 0 memorised, 0 levels left

rFire  . . .     SeeInvis +     b - +0 blowgun
rCold  . . .     Clarity  .     r - +1 robe of the Thirteen Beggars {rElec rN+}
rNeg   + . .     SustAt   .     (shield restricted)
rPois  .         Gourm    .     (helmet restricted)
rElec  +         Spirit   .     d - +0 cloak
rCorr  .         Warding  .     (gloves unavailable)
rMut   .         NoTele   +     (boots unavailable)
MR     .....                    (no amulet)
Stlth  ++++......               (no ring)
                                (no ring)

@: very quick, not resistant to hostile enchantments, stealthy
A: unfitting armour, see invisible, herbivore 3, speed 3, slow metabolism 2
a: Burn Spellbooks, Renounce Religion


You were in the Dungeon.
You worshipped Trog.
Trog was noncommittal.
You were not hungry.

You visited 1 branch You collected 200 gold pieces.
You spent 199 gold pieces at shops.

Inventory:

Hand Weapons
 a - a +2 dagger
 b - a +0 blowgun (weapon)
Missiles
 e - 5 poisoned needles (quivered)
 f - 2 curare-tipped needles
Armour
 d - a +0 cloak (worn)
 r - the +1 robe of the Thirteen Beggars (worn) {rElec rN+}
   (You bought it in a shop in the Dungeon)

   It insulates you from electricity.
   It protects you from negative energy.
Wands
 n - a wand of cold (5)
 o - a wand of fire (5)
Scrolls
 m - 4 scrolls of blinking
 p - 3 scrolls of fog
Potions
 h - a potion of curing
 i - 4 potions of heal wounds
 j - 4 potions of haste
 k - 2 potions of magic
 l - a potion of berserk rage {!q}
 q - a potion of resistance
Comestibles
 g - a bread ration


   Skills:
 - Level 1.5 Fighting
 - Level 2.1 Short Blades
 * Level 2.4 Throwing
 - Level 1.5 Dodging
 + Level 6.0 Stealth


You couldn't memorise any spells.
You didn't know any spells.

Dungeon Overview and Level Annotations

Branches:
Dungeon (1/1)

Altars:
Cheibriados
Dithmenos
Fedhas
Gozag
Kikubaaqudgha
Makhleb
Okawaru
Qazlal
Ru
Sif Muna
Trog
Vehumet
Xom
Yredelemnul
Zin
The Shining One
Jiyva
Lugonu

Shops:
D *[%??*?*:[((!!!!


Innate Abilities, Weirdness & Mutations

You are tiny and cannot use many weapons and most armour.
You have supernaturally acute eyesight.
You are a herbivore.
You cover ground extremely quickly.
You need consume almost no food.


Message History

Firing (i - inventory. (,) - cycle):
e - 8 poisoned needles (quivered)
Press: ? - help, Shift-Dir - straight line, f - adder
Aim: an adder You shoot a poisoned needle.
The poisoned needle barely misses the adder.
The adder barely misses you. The quokka bites you.
* * * LOW HITPOINT WARNING * * *
The adder completely misses you. The quokka closely misses you.
Firing (i - inventory. (,) - cycle):
e - 7 poisoned needles (quivered)
Press: ? - help, Shift-Dir - straight line, f/p - adder
Aim: an adder You shoot a poisoned needle.
The poisoned needle closely misses the adder.
The adder closely misses you. The quokka closely misses you.
Firing (i - inventory. (,) - cycle):
e - 6 poisoned needles (quivered)
Press: ? - help, Shift-Dir - straight line, f/p - adder
Aim: an adder You shoot a poisoned needle.
The poisoned needle misses the adder.
The adder completely misses you. The quokka bites you.
You die...

#⌠........w..§#
######.8.........8.##
##∩_.(......###.......
###∩........8.# #.8.....
##.............###.......
#⌠..........###...###....
#⌠..........# #.<.# #....
#⌠......S...###...###....
#......@r.....###.......
###∩........8.# #.8.....
##∩.__......###......_
######.8.........8.##
#⌠...........⌠#
###.........###
#_......._# #_......._#
#........_#


You could see an adder and a quokka.

Vanquished Creatures
  A giant newt (D)
1 creature vanquished.

Notes
Turn   | Place    | Note
--------------------------------------------------------------
     0 | D        | mopl the Spriggan Assassin began the quest for the Orb.
     0 | D        | Reached XP level 1. HP: 10/10 MP: 2/2
     1 | D        | Found an opulent altar of Gozag.
     2 | D        | Found a burning altar of Makhleb.
     3 | D        | Found a basalt altar of Yredelemnul.
     3 | D        | Found a radiant altar of Vehumet.
     4 | D        | Found Zuosm's Distillery.
     4 | D        | Found a blossoming altar of Fedhas.
     4 | D        | Found an iron altar of Okawaru.
     4 | D        | Found Votanu Idio's Do-It-Yourself Clinic.
     5 | D        | Found Taupupi's Distillery.
     5 | D        | Found Waptesol's Bottled Wisdom.
     9 | D        | Found a stormy altar of Qazlal.
     9 | D        | Round 1.
    10 | D        | Found Zat Fant's Staff Store.
    11 | D        | Found a shimmering altar of Xom.
    11 | D        | Found a deep blue altar of Sif Muna.
    11 | D        | Found a sacrificial altar of Ru.
    11 | D        | Found Veac's Magic Scroll Shop.
    11 | D        | Found Maisa's Must-Have Magic.
    11 | D        | Found Zuikogo's Magic Scroll Shop.
    17 | D        | Found an ancient bone altar of Kikubaaqudgha.
    18 | D        | Found Netomink's Bee Food.
    18 | D        | Found a snail-covered altar of Cheibriados.
    18 | D        | Found a glowing golden altar of the Shining One.
    18 | D        | Found Zedousuh's Identification Station.
    19 | D        | Found Wioce's Jewellery.
    19 | D        | Found Desekeoq's Advanced Armour.
    22 | D        | Found a corrupted altar of Lugonu.
    23 | D        | Found a shadowy altar of Dithmenos.
    25 | D        | Found Umua's Premium Goods.
    26 | D        | Found a bloodstained altar of Trog.
    26 | D        | Found a glowing silver altar of Zin.
    26 | D        | Found a viscous altar of Jiyva.
    26 | D        | Found Quofunill's Weapon Rack.
    26 | D        | Found Vusucel's Miscellaneous Merchandise.
    26 | D        | Found Ludgh's Basic Armour.
    34 | D        | Became a worshipper of Trog the Wrathful
    53 | D        | Reached skill level 6 in Stealth
    71 | D        | Bought a creamy pearl robe for 199 gold pieces
    81 | D        | Identified the +1 robe of the Thirteen Beggars {rElec rN+} (You bought it in a shop in the Dungeon)
    95 | D        | Slain by a quokka

Action                   || total
-------------------------++-------
Melee: Dagger            ||    13
 Fire: Blowgun           ||     3
